 Dungeon Crawl Stone Soup version 0.15-a0-35-ga771cbd (webtiles) character file.

132 Psiweapon the Ruffian (level 4, -3/38 HPs)
             Began as a Naga Transmuter on Apr 2, 2014.
             Killed from afar by an orc wizard (9 damage)
             ... with a magic dart
             ... on Level 3 of the Dungeon.
             The game lasted 00:10:10 (2518 turns).

Psiweapon the Ruffian (Naga Transmuter)             Turns: 2518, Time: 00:10:10

HP  -3/38        AC  3     Str 12      XL: 4   Next: 43%
MP   7/7         EV 10     Int 15      God:
Gold 50          SH  0     Dex 11      Spells:  1 memorised,  6 levels left

rFire  . . .     SeeInvis +       - Unarmed
rCold  . . .     Clarity  .     c - +0 robe
rNeg   . . .     Conserve .     (no shield)
rPois  +         rCorr    .     (helmet restricted)
rElec  .         rRot     .     h - +0 cloak
SustAb . .       Spirit   .     (no gloves)
rMut   .         Warding  .     (no barding)
Saprov . . .     Stasis   .     (no amulet)
MR     .....                    (no ring)
                                (no ring)

@: appendage (expiring), short of breath, slowed, very slow, not resistant to
hostile enchantments, unstealthy
A: spit poison, horns 2, see invisible, deformed body, poison resistance,
slowness 2, AC +1
a: Spit Poison, End Transformation


You were on level 3 of the Dungeon.
You were not hungry.
You had grown temporary horns.
You visited 1 branch of the dungeon, and saw 3 of its levels.

You collected 50 gold pieces.

Inventory:

Hand weapons
 g - a +2,+0 short sword of speed
 p - a +1,+1 hammer
Missiles
 b - 12 arrows
Armour
 c - a +0 robe (worn)
 h - a +0 cloak (worn)
Comestibles
 a - 4 bread rations
 f - a lemon
 m - a rotting chunk of jackal flesh
 o - a chunk of rat flesh
 t - 2 rotting chunks of jackal flesh
 v - an apple
Scrolls
 e - a scroll of identify {unknown}
 k - a scroll of recharging {unknown}
 n - a scroll of fog {unknown}
 q - a scroll of teleportation {unknown}
 u - a scroll of fear {unknown}
Potions
 i - a potion of curing {unknown}
 l - a potion of degeneration {unknown}
 w - a potion of agility {unknown}
Books
 d - a book of Changes

   Spells                             Type                      Level
   *Beastly Appendage                 Transmutation                1
   Sticks to Snakes                   Transmutation                2
   Spider Form                        Transmutation/Poison         3
   Ice Form                           Ice/Transmutation            4
   Blade Hands                        Transmutation                5


   Skills:
 - Level 1.0 Fighting
 - Level 1.5 Dodging
 + Level 4.0 Unarmed Combat
 - Level 2.0 Spellcasting
 + Level 3.6 Transmutations


You had 6 spell levels left.
You knew the following spells:

 Your Spells              Type           Power        Failure   Level  Hunger
a - Beastly Appendage     Trmt           ##....       6%          1    #......


Dungeon Overview and Level Annotations

Branches:
Dungeon (3/15)

Altars:
Ashenzari
Cheibriados


Innate Abilities, Weirdness & Mutations

You cannot wear boots.
You can spit poison.
Your serpentine skin is tough (AC +1).
You have supernaturally acute eyesight.
Armour fits poorly on your strangely shaped body.
Your system is resistant to poisons.
You cover ground very slowly.
You have a pair of horns on your head.


Message History

* * * LOW HITPOINT WARNING * * *
The orc wizard barely misses you!
You squash the orc wizard but do no damage!
You headbutt the orc wizard!
The orc wizard is moderately wounded!
The orc wizard closely misses you!
The orc wizard gestures wildly while chanting!
The orc wizard blinks!!!
Use which ability? (? or * to list)
Press: ? - help, Shift-Dir - straight line, f/p - orc wizard
Aim: an orc wizard, wielding a dagger and wearing a robe (moderately wounded, moving very quickly)
The splash of poison hits the orc wizard!
The orc wizard is severely wounded!
You feel slightly more hungry!
The orc wizard points at you and mumbles some strange words!
The magic dart hits you!!!
* * * LOW HITPOINT WARNING * * *
The orc wizard casts a spell at you! The magic dart hits you!!!
You die!!!

#.. #..# #..#
#$.# #..#
#..#####.
.######........
.....o.%...$.....
........@.#
.#######..# #..#
#..# #..# #.<#
#..........
##########


You could see an orc wizard.

Vanquished Creatures
  2 adders (D:2)
  3 giant geckos
  2 orcs (D:3)
  3 ball pythons
  6 bats
  3 giant cockroaches
  8 goblins
  8 hobgoblins
  4 jackals (D:2)
  5 kobolds
  A quokka (D:2)
  7 rats
52 creatures vanquished.

Notes
Turn   | Place    | Note
--------------------------------------------------------------
     0 | D:1      | Psiweapon, the Naga Transmuter, began the quest for the Orb.
     0 | D:1      | Reached XP level 1. HP: 18/18 MP: 3/3
   248 | D:1      | Found a shattered altar of Ashenzari.
   248 | D:1      | Found a snail-covered altar of Cheibriados.
   248 | D:1      | Noticed an ogre
   248 | D:1      | Noticed an ogre
   248 | D:1      | Noticed an ogre
   249 | D:1      | Noticed an ogre
   252 | D:1      | Reached XP level 2. HP: 18/25 MP: 4/4
  1008 | D:1      | Reached XP level 3. HP: 23/31 MP: 6/6
  2030 | D:2      | Reached XP level 4. HP: 22/38 MP: 5/7
  2492 | D:3      | Reached skill level 4 in Unarmed Combat
  2518 | D:3      | Killed from afar by an orc wizard

Action                   |  1- 3 |  4- 6 || total
-------------------------+-------+-------++-------
Melee: Unarmed           |   136 |    33 ||   169
 Cast: Beastly Appendage |    14 |     3 ||    17
 Abil: Spit Poison       |    21 |    12 ||    33
